 Dungeon Crawl Stone Soup version 0.23.2-1-ga50397a (webtiles) character file.

Game seed: 1604582407278205172

10 Iscandelvey the Vexing (level 2, 21/21 HPs)
             Began as a Demonspawn Arcane Marksman on May 2, 2019.
             Quit the game on level 1 of the Dungeon.
             The game lasted 00:00:13 (435 turns).

Iscandelvey the Vexing (Demonspawn Arcane Marksman)  Turns: 435, Time: 00:00:14

Health: 21/21      AC:  2    Str: 10    XL:     2   Next: 10%
Magic:  3/3        EV: 12    Int: 14    God:
Gold:   26         SH:  0    Dex: 13    Spells: 2/3 levels left

rFire    . . .     SeeInvis .   a - +0 hand crossbow
rCold    . . .     Gourm    .   (no shield)
rNeg     . . .     Faith    .   e - +0 robe
rPois    .         Spirit   .   (no helmet)
rElec    .         Reflect  .   (no cloak)
rCorr    .         Harm     .   (no gloves)
MR       .....                  (no boots)
Stlth    ++........             (no amulet)
HPRegen  0.07/turn              (no ring)
MPRegen  0.08/turn              (no ring)

@: no status effects
A: nightstalker 1
a: no special abilities


You were on level 1 of the Dungeon.
You were not hungry.

You visited 1 branch of the dungeon, and saw 1 of its levels.

You collected 26 gold pieces.

Inventory:

Hand Weapons
 a - a +0 hand crossbow (weapon)
Missiles
 d - 13 bolts (quivered)
Armour
 e - a +0 robe (worn)
Jewellery
 i - an uncursed ring of protection from cold {unknown}
Scrolls
 g - a scroll of identify {unknown}
 h - a scroll of fog {unknown}
Potions
 b - a potion of curing {unknown}
 c - a potion of brilliance {unknown}
 j - a potion of degeneration {unknown}
 k - 2 potions of flight {unknown}
Comestibles
 f - 3 rations


   Skills:
 + Level 1.0 Fighting
 + Level 2.1 Crossbows
 + Level 2.0 Dodging
 + Level 1.0 Spellcasting
 + Level 3.2 Hexes


You had 2 spell levels left.
You knew the following spells:

 Your Spells              Type           Power        Failure   Level  Hunger
a - Corona                Hex            #......      7%          1    ##.....

Your spell library contained the following spells:

 Spells                   Type           Power        Failure   Level  Hunger
 Slow                     Hex            #.......     11%         2    ###....
 Inner Flame              Hex/Fire       #.......     38%         3    ####...
 Portal Projectile        Hex/Tloc       #.....       38%         3    ####...
 Cause Fear               Hex            #.........   56%         4    #####..
 Leda's Liquefaction      Hex/Erth       #.........   80%         4    #####..


Dungeon Overview and Level Annotations

Branches:
Dungeon (1/15)

Altars:


Innate Abilities, Weirdness & Mutations

You are slightly more attuned to the shadows.


Message History

The bolt completely misses the dart slug.
The dart slug launches a dart at you. The slug dart misses you.
Firing (i - inventory)
d - 15 bolts (quivered)
Press: ? - help, Shift-Dir - straight line, f/p - dart slug
Aim: a dart slug (almost dead, clinging)
You shoot a bolt. The bolt hits the dart slug.
The dart slug is almost dead.
The dart slug barely misses you.
A dart slug is nearby!
A dart slug is nearby!
Firing (i - inventory)
d - 14 bolts (quivered)
Press: ? - help, Shift-Dir - straight line, f/p - dart slug
Aim: a dart slug (almost dead, clinging)
You shoot a bolt. The bolt hits the dart slug.
You kill the dart slug!
You have reached level 2!
Your demonic ancestry asserts itself...
You slip into the darkness of the dungeon.
Are you sure you want to abandon this character and quit the game? (Confirm with "yes".)

####### ### #..
#.....###.## #..
#.###.##...## #.. #.#
#.......# #..
#.###.##...## #..
##.#####.....###.## #..
.........@#....#.## ##..
##.#######(###....#####...
#(# #............ #(#
##...#####... (#
##..######>. .#
####....#.. .# ##..##.##.
.# ##..##..#.)
##.......###


There were no monsters in sight!

Vanquished Creatures
  A dart slug (D:1)
  A bat (D:1)
  A goblin (D:1)
  A hobgoblin (D:1)
  2 frilled lizards (D:1)
  A kobold (D:1)
  2 rats (D:1)
9 creatures vanquished.

Notes
Turn   | Place    | Note
-------+----------+-------------------------------------------
     0 | D:1      | Iscandelvey the Demonspawn Arcane Marksman began the quest
                  | for the Orb.
     0 | D:1      | Reached XP level 1. HP: 15/15 MP: 2/2
   434 | D:1      | Gained mutation: You are slightly more attuned to the
                  | shadows. [demonic ancestry]
   434 | D:1      | Reached XP level 2. HP: 21/21 MP: 3/3
   435 | D:1      | Quit the game

Skill      XL: |  1 |
---------------+----+-----
Dodging        | 2 |  2.0
Crossbows      | 2 |  2.1
Fighting       | |  1.0
Spellcasting   | |  1.0
Hexes          | |  3.2

Action                   || total
-------------------------++-------
 Fire: Hand crossbow     ||    20
Armor: Robe              ||     2
Dodge: Dodged            ||     4
